AoeStats
← old f1sh

African Clearing

510326304Analyzed
4v4 RM · 2d ago on Sep 30, 2026· 24m 14s· 8 players
Game mode
Random Map
Map size
Large (8 player)
Population
200
Speed
Normal
Resources
Standard
Victory
Conquest
Starting age
Dark Age
Ending age
Imperial Age
RankedLock teamsTeams togetherTeam positionsShared explorationLock speedFull tech treeHidden civsTurbo modeCheats
Victory
Defeat
🇨🇳 Muisca · China
1413
+14
🇨🇳 Tupi · China
1380
+16
🇨🇳 Varangians · China
1372
+16
🇨🇳 Magyars · China
1335
+18
🇭🇰 Spanish · Hong Kong SAR China
1414
-17
🇭🇰 Vietnamese · Hong Kong SAR China
1391
-17
🇵🇱 Saxons · Poland
1349
-15
🇰🇼 Georgians · Kuwait
1347
-15
SlyFever
9:36 Loom
12:09 Feudal Age
14:21 Horse Collar
14:29 Double-Bit Axe
14:57 Champi Runner
17:08 Fletching
23:53 Wheelbarrow
涅槃重生
13:44 Feudal Age
14:24 Double-Bit Axe
15:47 Loom
18:35 Castle Age
20:01 Bow Saw
20:07 Horse Collar
22:06 Fishing Lines
V我50%匡扶汉室
9:24 Loom
13:18 Feudal Age
22:20 Bloodlines
old f1sh
11:46 Loom
14:35 Feudal Age
15:22 Town Watch
15:27 Double-Bit Axe
18:40 Castle Age
17:37 Fishing Lines
19:56 Bow Saw
19:52 Gillnets
20:23 Horse Collar
21:41 Fletching
23:19 Bodkin Arrow
Czotyn
7:53 Loom
13:29 Feudal Age
17:46 Castle Age
16:12 Double-Bit Axe
LinG寶寶
9:25 Loom
12:56 Feudal Age
13:38 Double-Bit Axe
13:47 Man-at-Arms
17:09 Fletching
21:08 Horse Collar
21:42 Padded Archer Armor
alktam
11:18 Loom
13:15 Feudal Age
17:09 Castle Age
14:57 Double-Bit Axe
15:20 Horse Collar
18:10 Bow Saw
19:03 Heavy Plow
23:01 Wheelbarrow
屌炸天
14:26 Feudal Age
13:27 Loom
19:56 Castle Age
Connection lost

Rejoining the realm…

Still unreachable

The connection could not be restored.

Session expired

The server has moved on; the page needs a fresh start.